 Dungeon Crawl Stone Soup version 0.19-a0-414-g76fec5b (webtiles) character file.

16 Duffy the Shield-Bearer (level 2, -8/19 HPs)
             Began as a Gargoyle Fighter on May 31, 2016.
             Splashed by a jelly's acid (9 damage)
             ... on level 3 of the Dungeon.
             The game lasted 00:00:25 (126 turns).

Duffy the Shield-Bearer (Gargoyle Fighter)           Turns: 126, Time: 00:00:26

Health: -8/19      AC:  5    Str: 19    XL:     2   Next: 54%
Magic:  2/2        EV:  7    Int:  8    God:
Gold:   39         SH:  9    Dex:  9    Spells: 0 memorised, 1 level left

rFire  . . .     SeeInvis .     a - +0 war axe
rCold  . . .     Gourm    .     b - +0 scale mail
rNeg   + . .     Faith    .     c - +0 shield
rPois  ∞         Spirit   .     (no helmet)
rElec  +         Dismiss  .     (no cloak)
rCorr  .         Reflect  .     (no gloves)
SustAt .         Harm     .     (no boots)
MR     .....                    (no amulet)
Stlth  ..........               (no ring)
                                (no ring)

@: corroded, not resistant to hostile enchantments, extremely unstealthy
A: negative energy resistance 1, electricity resistance, unbreathing,
petrification resistance, rot immunity, AC +2
a: no special abilities


You were on level 3 of the Dungeon.
You were not hungry.

You visited 1 branch of the dungeon, and saw 3 of its levels.

You collected 39 gold pieces.


Innate Abilities, Weirdness & Mutations

You are resistant to torment.
Your stone body is resilient (AC +2).
You are immune to poison.
You resist negative energy. (rN+)
You are resistant to electric shocks. (rElec)
You can survive without breathing.
You are immune to petrification.
You are immune to rotting.


   Skills:
 - Level 3.2 Fighting
 + Level 2.8 Axes
 - Level 3.2 Armour
 - Level 3.2 Shields


You had one spell level left.
You didn't know any spells.

Inventory:

Hand Weapons
 a - a +0 war axe (weapon)
Armour
 b - a +0 scale mail (worn)
 c - a +0 shield (worn)
Scrolls
 h - a scroll of teleportation {unknown}
Potions
 d - a potion of might
 e - a potion of flight {unknown}
 g - a potion of curing {unknown}
Comestibles
 f - a bread ration

Dungeon Overview and Level Annotations

Branches:
Dungeon (3/15)

Altars:


Message History

The orc wizard is heavily wounded.
You hit the jelly.
Your hands burn!
The jelly is heavily wounded.
The orc wizard hits you but does no damage.
The jelly closely misses you.
The orc wizard hits you but does no damage.
You closely miss the orc wizard.
The orc wizard is heavily wounded.
You completely miss the jelly.
The jelly is heavily wounded.
You block the orc wizard's attack. The jelly hits you but does no damage.
The orc wizard hits you but does no damage.
The jelly hits you but does no damage.
Your scale mail prevents you from hitting the orc wizard.
The orc wizard is heavily wounded.
You hit the jelly.
Your hands burn!
The jelly is heavily wounded.
You hit the ogre.
The ogre is lightly wounded.
You block the orc wizard's attack. The jelly hits you but does no damage.
The ogre barely misses you.
The orc wizard hits you but does no damage.
You are too injured to fight recklessly!
You are too injured to fight recklessly!
You are too injured to fight recklessly!
You are too injured to fight recklessly!
You are too injured to fight recklessly!
You are too injured to fight recklessly!
You are too injured to fight recklessly!
You are too injured to fight recklessly!
You are too injured to fight recklessly!
You are too injured to fight recklessly!
You are too injured to fight recklessly!
You are too injured to fight recklessly!
You are too injured to fight recklessly!
You are too injured to fight recklessly!
You are too injured to fight recklessly!
You block the orc wizard's attack.
You barely miss the orc wizard.
The orc wizard is heavily wounded.
You block the orc wizard's attack.
The orc wizard points at you and mumbles some strange words.
The puff of flame misses you.
You hit the orc wizard but do no damage.
The orc wizard is heavily wounded.
You hit the jelly.
Your hands burn!
The jelly is almost dead.
The orc wizard barely misses you. The jelly hits you.
You are splashed with acid!
The acid corrodes you!
The acid burns!
You die...

... ?... ....###
.......
.8.....############
#.......J........#
#.....Oo@.......#
#.....########..#
#...).O......#..#
#.......####.#..#
#......... #..#
#....###### #..#
...... #..# .....#.
#..# ....... #..#


You could see an ogre, a jelly and an orc wizard.

Action                   || total
-------------------------++-------
Melee: War axe           ||    27
Armor: Scale mail        ||    19
Dodge: Dodged            ||    14
Block: Shield            ||    21

Notes
Turn   | Place    | Note
--------------------------------------------------------------
     0 | D:1      | Duffy the Gargoyle Fighter began the quest for the Orb.
     0 | D:1      | Reached XP level 1. HP: 14/14 MP: 1/1
    14 | D:1      | Reached skill level 2 in Axes
    25 | D:1      | Reached XP level 2. HP: 19/19 MP: 2/2
   118 | D:3      | Noticed an ogre
   126 | D:3      | Splashed by a jelly's acid

Skill      XL: |  1 |
---------------+----+-----
Axes           | 2 |  2.8
Fighting       | |  3.2
Armour         | |  3.2
Shields        | |  3.2

Vault maps used:
D:1:      dpeg_arrival_simpleton_c
D:2:      grunt_temple_overflow_growth_and_decay, grunt_pakellas_sulfur,
          ecumenical_altar_2
D:3:      kennysheep_the_goblin_king, old_standard_altar, uniq_terence

Vanquished Creatures
  A dart slug
  3 orcs
  2 goblins
  A hobgoblin
  A quokka
  A bat
  A giant newt
10 creatures vanquished.
